 Dungeon Crawl Stone Soup version 0.23.2-30-g0e89c35649 (webtiles) character file.

Game seed: 1833912285623943681

114 TheAlmogaver the Conjurer (level 4, -2/24 HPs)
             Began as a Gargoyle Wizard on June 10, 2019.
             Slain by an orc
             ... wielding a +0 short sword
              (5 damage)
             ... on level 4 of the Dungeon.
             The game lasted 00:18:35 (3431 turns).

TheAlmogaver the Conjurer (Gargoyle Wizard)         Turns: 3431, Time: 00:18:37

Health: -2/24      AC:  5    Str: 12    XL:     4   Next: 98%
Magic:  4/8        EV: 12    Int: 20    God:
Gold:   106        SH:  0    Dex:  8    Spells: 1/9 levels left

rFire    . . .     SeeInvis .   e - +0 whip
rCold    . . .     Gourm    .   (no shield)
rNeg     + . .     Faith    .   a - +0 robe
rPois    ∞         Spirit   .   b - +0 hat
rElec    +         Reflect  .   (no cloak)
rCorr    .         Harm     .   (no gloves)
MR       .....     Rnd*Tele +   (no boots)
Stlth    ++........             (no amulet)
HPRegen  0.08/turn              f - ring of teleportation (curse)
MPRegen  0.11/turn              j - +2 ring of strength

@: no status effects
A: negative energy resistance 1, electricity resistance, unbreathing,
petrification resistance, rot immunity, AC +3
a: no special abilities


You were on level 4 of the Dungeon.
You were hungry.

You visited 1 branch of the dungeon, and saw 4 of its levels.

You collected 106 gold pieces.

Inventory:

Hand Weapons
 c - a +0 hand axe
 e - a +0 whip (weapon)
Armour
 a - a +0 robe (worn)
 b - a +0 hat (worn)
 r - a +2 chain mail of magic resistance
Jewellery
 f - a cursed ring of teleportation (left hand)
 j - a +2 ring of strength (right hand)
Scrolls
 l - 5 scrolls of identify
 m - 3 scrolls of enchant armour
 p - a scroll of teleportation
Potions
 g - a potion of degeneration {unknown}
 h - a potion of curing {unknown}
 k - a potion of experience {unknown}
 n - a potion of cancellation {unknown}
 o - a potion of resistance {unknown}
 q - a potion of brilliance {unknown}
Comestibles
 d - 6 rations


   Skills:
 - Level 1.5 Dodging
 - Level 2.1 Stealth
 - Level 3.0 Spellcasting
 + Level 5.1 Conjurations
 - Level 0.8 Summonings
 - Level 0.8 Translocations


You had one spell level left.
You knew the following spells:

 Your Spells              Type           Power        Failure   Level  Hunger
a - Magic Dart            Conj           ###.         1%          1    None
b - Blink                 Tloc           N/A          16%         2    ##.....
c - Call Imp              Summ           #.......     16%         2    ##.....
d - Conjure Flame         Conj/Fire      ##......     16%         3    ###....

Your spell library contained the following spells:

 Spells                   Type           Power        Failure   Level  Hunger
 Slow                     Hex            #.......     22%         2    ##.....
 Mephitic Cloud           Conj/Pois/Air  #.......     22%         3    ###....


Dungeon Overview and Level Annotations

Branches:
Dungeon (4/15)
 Temple: D:4-7

Altars:
Cheibriados

Annotations:
D:3 Sigmund


Innate Abilities, Weirdness & Mutations

You are resistant to torment.
Your stone body is resilient. (AC +3)
You are immune to poison.
You resist negative energy. (rN+)
You are resistant to electric shocks. (rElec)
You can survive without breathing.
You are immune to petrification.
You are immune to rotting.


Message History

Okay, then.
The orc wizard hits you but does no damage.
The orc hits you.
Your crimson imp hits the orc.
The orc hits you.
The orc wizard closely misses your crimson imp.
The orc wizard closely misses you.
Your crimson imp closely misses the orc.
You feel less confused. The orc wizard barely misses you.
The orc closely misses you.
Your crimson imp barely misses the orc.
The orc barely misses you. The orc wizard closely misses you.
The orc wizard hits you with a +0 dagger.
The orc hits you but does no damage.
Your crimson imp barely misses the orc.
The orc wizard hits you with a +0 dagger.
The orc barely misses you. The orc wizard casts a spell at you.
The magic dart hits you.
* * * LOW HITPOINT WARNING * * *
The orc hits you with a +0 short sword.
You die...

.# ####.# #.....
# ....##. #.#...
#.#.# ##...# .
##...#
...###.o@5###...
#....ooo....#
#....<......#
#..........##
.............#
.............#
.............#
##...........#
#...........#


You could see 2 orc wizards, 2 orcs and a friendly crimson imp.

Vanquished Creatures
  3 gnolls (D:3)
  An adder (D:2)
  2 worms
  4 dart slugs
  A leopard gecko (D:1)
  2 orcs (D:3)
  2 giant cockroaches
  4 goblins
  7 hobgoblins
  8 kobolds
  5 bats
  8 frilled lizards
  4 rats
51 creatures vanquished.

Vanquished Creatures (collateral kills)
  Terence (D:1)
  2 orcs (D:3)
  A hobgoblin (D:3)
  A quokka (D:3)
5 creatures vanquished.

Grand Total: 56 creatures vanquished

Notes
Turn   | Place    | Note
-------+----------+-------------------------------------------
     0 | D:1      | TheAlmogaver the Gargoyle Wizard began the quest for the
                  | Orb.
     0 | D:1      | Reached XP level 1. HP: 10/10 MP: 4/4
   350 | D:1      | Reached skill level 2 in Conjurations
   350 | D:1      | Reached XP level 2. HP: 14/15 MP: 0/6
   780 | D:1      | Reached skill level 3 in Conjurations
   807 | D:1      | Reached XP level 3. HP: 19/19 MP: 0/7
  1507 | D:2      | Found a snail-covered altar of Cheibriados.
  1573 | D:2      | Noticed Terence
  1771 | D:1      | Learned a level 2 spell: Blink
  1774 | D:1      | Learned a level 2 spell: Call Imp
  1778 | D:1      | Learned a level 3 spell: Conjure Flame
  2094 | D:1      | Killed Terence
  2094 | D:1      | Reached skill level 4 in Conjurations
  2094 | D:1      | Reached XP level 4. HP: 24/24 MP: 1/8
  3020 | D:3      | Noticed Sigmund
  3066 | D:3      | Reached skill level 5 in Conjurations
  3431 | D:4      | Slain by an orc

Skill      XL: |  1  2  3  4 |
---------------+-------------+-----
Conjurations   | 2 3 4 5 |  5.1
Dodging        | |  1.5
Stealth        | |  2.1
Spellcasting   | |  3.0
Summonings     | |  0.8
Translocations | |  0.8

Action                   |  1- 3 |  4- 6 || total
-------------------------+-------+-------++-------
Melee: Whip              |    32 |     7 ||    39
 Cast: Magic Dart        |    86 |    38 ||   124
       Call Imp          |     6 |     6 ||    12
       Blink             |     2 |       ||     2
       Conjure Flame     |     1 |     1 ||     2
  Use: Scroll            |       |     4 ||     4
  Eat: Chunk             |     3 |     5 ||     8
Armor: Robe              |    14 |     4 ||    18
Dodge: Dodged            |    39 |     9 ||    48
